 Dungeon Crawl Stone Soup version 0.22-a0-609-gfedc9ff77b (webtiles) character file.

577 Bapho the Insei (level 7, -1/56 HPs)
             Began as a Black Draconian Transmuter on July 10, 2018.
             Shot with an arrow by a centaur (5 damage)
             ... on level 5 of the Dungeon.
             The game lasted 00:11:45 (4736 turns).

Bapho the Insei (Black Draconian Transmuter)        Turns: 4736, Time: 00:11:45

Health: -1/56      AC:  2    Str: 12    XL:     7   Next: 13%
Magic:  8/10       EV: 19    Int: 15    God:
Gold:   74         SH:  0    Dex: 17    Spells: 5/11 levels left

rFire    . . .     SeeInvis .     - Unarmed
rCold    . . .     Gourm    .   (shield currently unavailable)
rNeg     . . .     Faith    .   (armour unavailable)
rPois    x         Spirit   .   (helmet currently unavailable)
rElec    .         Reflect  .   (cloak currently unavailable)
rCorr    +         Harm     .   (gloves currently unavailable)
MR       .....                  (boots currently unavailable)
Stlth    ++........             (no amulet)
HPRegen  0.18/turn              x - ring of wizardry
MPRegen  0.12/turn              l - ring of resist corrosion

@: spider-form
A: tiny, (breathe lightning), unfitting armour, AC +6
a: End Transformation


You were on level 5 of the Dungeon.
You were hungry.
You were a venomous arachnid creature.
You visited 1 branch of the dungeon, and saw 5 of its levels.

You collected 129 gold pieces.
You spent 55 gold pieces at shops.

Inventory:

Missiles
 a - 27 arrows
 o - 73 stones (quivered)
Armour
 g - a +0 pair of gloves (melded)
Jewellery
 l - a ring of resist corrosion (right front leg)
 u - a +3 ring of dexterity
 x - a ring of wizardry (left front leg)
Scrolls
 e - 4 scrolls of remove curse
 f - 3 scrolls of teleportation
 h - 2 scrolls of enchant weapon {unknown}
 m - a scroll of enchant armour {unknown}
 r - a scroll of amnesia {unknown}
 s - a scroll of blinking {unknown}
 t - a scroll of fear {unknown}
 v - a scroll of random uselessness {unknown}
Potions
 b - a potion of lignification
 d - a potion of ambrosia
 i - a potion of heal wounds
 j - a potion of magic
 k - 3 potions of curing
 n - 2 potions of flight
 p - a potion of agility
 q - a potion of brilliance
Comestibles
 c - 6 rations
 w - a chunk of flesh


   Skills:
 + Level 2.9 Fighting
 - Level 1.7 Dodging
 * Level 4.8 Unarmed Combat
 - Level 2.5 Spellcasting
 + Level 4.8 Transmutations
 - Level 3.3 Poison Magic


You had 5 spell levels left.
You knew the following spells:

 Your Spells              Type           Power        Failure   Level  Hunger
a - Beastly Appendage     Tmut           ###...       4%          1    #......
b - Sticks to Snakes      Tmut           ###.....     5%          2    ###....
c - Spider Form           Tmut/Pois      ##........   12%         3    ###....

Your spell library contained the following spells:

 Spells                   Type           Power        Failure   Level  Hunger
 Blade Hands              Tmut           ###.......   45%         5    ######.
 Ice Form                 Ice/Tmut       #.......     45%         4    #####..


Dungeon Overview and Level Annotations

Branches:
Dungeon (5/15)
 Temple: D:4-7

Altars:
Nemelex Xobeh
Qazlal
Sif Muna
Xom

Shops:
D:4 !


Innate Abilities, Weirdness & Mutations

((You can breathe wild blasts of lightning.))
((Your glossy black scales are hard. (AC +6)))
You cannot fit into any form of body armour.
((You are resistant to electric shocks. (rElec)))
((You are cold-blooded and may be slowed by cold attacks.))


Message History

The centaur is lightly wounded.
The centaur hits you! x2
You bite the orc!
You kill the orc!
The centaur completely misses you.
You hit the centaur.
The centaur looks as sick as possible!
The centaur is lightly wounded.
The centaur barely misses you.
The centaur wields an uncursed shortbow.
The centaur shoots an arrow.
The arrow completely misses you.
The centaur shoots an arrow.
The arrow completely misses you.
You see here an arrow.
The centaur shoots an arrow.
The arrow hits you!
* * * LOW HITPOINT WARNING * * *
You see here an arrow.
The centaur shoots an arrow.
The arrow hits you.
* * * LOW HITPOINT WARNING * * *
You see here an arrow.
The centaur shoots an arrow.
The arrow hits you.
You die...

#...#...#...#
##..#...#.)##
#####.....###.
#######.............
#.............8......
#.######.............
#.##....####....)###.
#.##.##.##.'#...#..##
#.##s.#.#...#...#...#
#.##(#..#>.##...##.>#
#.#(###.####.....####
#.(## ##.........#
#c## #.######## #.)#
#..# #...# . . ###..#
. .... .#


You could see a centaur.

Vanquished Creatures
  Sigmund (D:2)
  A sky beast (D:5)
  A scorpion (D:4)
  A howler monkey (D:4)
  A hound (D:4)
  Terence (D:3)
  A worker ant (D:4)
  6 adders
  A shadow imp (D:5)
  An ooze (D:1)
  An adder skeleton (D:4)
  2 worms (D:2)
  2 dart slugs
  4 leopard geckos
  5 orcs
  A giant cockroach (D:1)
  9 goblins
  4 hobgoblins
  16 jackals
  A quokka (D:5)
  8 bats
  4 frilled lizards
  A giant cockroach zombie (D:5)
  7 kobolds
  A leopard gecko skeleton (D:4)
  4 rats
85 creatures vanquished.

Notes
Turn   | Place    | Note
-------+----------+-------------------------------------------
     0 | D:1      | Bapho the Draconian Transmuter began the quest for the Orb.
     0 | D:1      | Reached XP level 1. HP: 16/16 MP: 3/3
   240 | D:1      | Reached XP level 2. HP: 18/23 MP: 5/5
   908 | D:1      | Learned a level 2 spell: Sticks to Snakes
  1229 | D:2      | Reached XP level 3. HP: 26/28 MP: 6/6
  1453 | D:1      | Learned a level 3 spell: Spider Form
  1553 | D:2      | Noticed Sigmund
  1600 | D:2      | Killed Sigmund
  1600 | D:2      | Reached XP level 4. HP: 19/35 MP: 4/7
  1600 | D:2      | Reached XP level 5. HP: 22/40 MP: 4/8
  1966 | D:2      | Found a stormy altar of Qazlal.
  2372 | D:3      | Noticed Terence
  2391 | D:3      | Killed Terence
  2773 | D:3      | Reached XP level 6. HP: 45/48 MP: 5/9
  2961 | D:3      | Found a shimmering altar of Xom.
  3186 | D:3      | Found a deep blue altar of Sif Muna.
  3747 | D:4      | Found a sparkling altar of Nemelex Xobeh.
  3997 | D:4      | Found Bupn's Distillery.
  4048 | D:4      | Bought a potion of heal wounds for 55 gold pieces
  4365 | D:5      | Entered Level 5 of the Dungeon
  4384 | D:5      | Noticed a sky beast
  4395 | D:5      | Killed a sky beast
  4395 | D:5      | Your scales start taking on a glossy black colour.
  4395 | D:5      | Reached XP level 7. HP: 33/56 MP: 6/10
  4395 | D:5      | Gained mutation: You are resistant to electric shocks. (rElec) [Black Draconian growth]
  4736 | D:5      | Shot with an arrow by a centaur

Vault maps used:
D:1:      minmay_arrival_diagonal_passages, minmay_pentomino_p2
D:2:      lemuel_round_altar, first_ration, uniq_sigmund
D:3:      lemuel_doored_altar, lemuel_blue_sif_altar, uniq_terence
D:4:      nicolae_overflow_crystal_walls, serial_shops, shop
D:5:      evilmike_ruin_ashenzari, grunt_ministairs_6, palyth_stone_intersect,
          minmay_holes

Skill      XL: |  1  2  3  4  5  6 |
---------------+-------------------+-----
Transmutations | 3 4 |  4.8
Poison Magic   | 3 |  3.3
Fighting       | 2 |  2.9
Unarmed Combat | 4 |  4.8
Dodging        | |  1.7
Spellcasting   | |  2.5

Action                   |  1- 3 |  4- 6 |  7- 9 || total
-------------------------+-------+-------+-------++-------
Melee: Unarmed           |   116 |   159 |    17 ||   292
       Tailslap          |     7 |    12 |     2 ||    21
       Headbutt          |     4 |     8 |       ||    12
       Kick              |     3 |    12 |       ||    15
       Punch             |       |     1 |       ||     1
Throw: Stone             |     1 |    67 |     4 ||    72
 Cast: Beastly Appendage |    13 |    15 |     1 ||    29
       Spider Form       |     1 |    14 |     1 ||    16
  Use: Scroll            |       |     9 |       ||     9
  Eat: Chunk             |     2 |    11 |     1 ||    14
Armor: Skin              |    45 |    34 |     2 ||    81
Dodge: Dodged            |    84 |    98 |    13 ||   195

Table legend:
 A = Spawn XP
 B = Non-spawn XP
 C = Spawn XP percentage of total XP
 D = Spawn monster count
 E = Non-spawn monster count
 F = Spawn count percentage of total count
 G = Total turns spent on level
                    A         B        C        D         E        F      G
               +---------+---------+-------+---------+---------+-------+---------
         Total |       0 |     825 |   0.0 |       0 |      85 |   0.0 |  4736
               +---------+---------+-------+---------+---------+-------+---------
           D:1 |       0 |      39 |   0.0 |       0 |      20 |   0.0 |  1419
           D:2 |       0 |     256 |   0.0 |       0 |      18 |   0.0 |   876
           D:3 |       0 |     102 |   0.0 |       0 |      19 |   0.0 |   956
           D:4 |       0 |     256 |   0.0 |       0 |      21 |   0.0 |  1232
           D:5 |       0 |     172 |   0.0 |       0 |       7 |   0.0 |   253
               +---------+---------+-------+---------+---------+-------+---------
